[Event "Early-Titled-Tuesday-Blitz-April-16-2024"]
[Site "Chess.com"]
[Date "2024.04.16"]
[Round "9"]
[White "JonSnowNW1"]
[Black "jinxy2009"]
[Result "1-0"]
[WhiteElo "2540"]
[BlackElo "2346"]
[TimeControl "180+1"]
[EndTime "9:52:06 PDT"]
[Termination "JonSnowNW1 won by resignation"]

1. c4 Nf6 2. Nc3 g6 3. g3 Bg7 4. Bg2 c5 5. e4 Nc6 6. Nge2 O-O 7. O-O d6 8. d3 a6 9. Rb1 Rb8 10. a3 b5 11. cxb5 axb5 12. b4 cxb4 13. axb4 Nd7 14.
d4 Nb6 15. Nxb5 Ba6 16. Nbc3 Bxe2 17. Nxe2 Nd7 18. b5 Na7 19. Nc3 e6 20. Ba3 Qb6 21. Na4 Qxd4 22. Bxd6 Nxb5 23. Bxb8 Rxb8 24. Qxd4 Bxd4 25. Rb4 e5 26. Rfb1 Ra8 27. Bh3 Nf6 28. Nb6 Bxb6 29. Rxb5 Bd4 30. Rb8+ Rxb8 31. Rxb8+ Kg7 32.
Kg2 Nxe4 33. f3 Nf6 34. Bc8 h5 35. Rb7 Kf8 36. Rb8 Kg7 37. Ba6 Nd5 38. Kh1 Ne3 39. Rb7 Kf6 40. Bb5 Kg7 41. Be8 Kh6 42. Bxf7 Kg5 43.
h3 h4 44. gxh4+ Kxh4 45. Bxg6 Kxh3 46. Be4 Kg3 47. Rg7+ Kf2 48. Kh2 Nc4 49. Rg2+ Ke3 50. Ra2 Nd2 51. Ra3+ Kf4 52. Kg2 Nxe4 53. fxe4 Kxe4 54.
Ra2 Kd5 55. Kf3 e4+ 56. Ke2 Ke5 57. Ra5+ Kf4 58. Ra4 Be5 59. Rc4 Bb2 60. Rb4 Be5 61.
Ra4 Bc3 62. Ra8 Bd4 63. Re8 Bc5 64. Rc8 Bd4 65. Rc4 Bb6 66. Rc8 Bd4 67. Rd8 Bb6 68.
Rf8+ Ke5 69. Re8+ Kf4 70. Rf8+ Ke5 71. Rb8 Bd4 72. Rb4 Bc5 73. Rb5 Kd5 74. Ra5 Kd4 75. Ra4+ Ke5 76. Ra5 Kd5 77. Kd2 Kd4 78. Ke2 Kd5 79.
Ra4 Ke5 80. Ra8 Kd5 81. Rg8 Ke5 82. Rg5+ Kd6 83. Rg4 Kd5 84. Rg5+ Kd4 85. Rh5 Bd6 86. Rh8 Bc5 87. Rd8+ Ke5 88. Rd1 Kf4 89. Rd5 Bb6 90. Rb5 Bd4 91. Rh5 Ba7 92. Kd2 Be3+ 93. Kc3 Ba7 94. Kc4 e3 95. Kd3 Bb6 96. Rh6 Ba7 97.
Rh7 Bc5 98. Rb7 Kf3 99. Rf7+ Kg4 100. Rc7 Bb6 101. Rb7 Bc5 102. Rb5 Ba7 103. Rb7 Bc5 104. Rc7 Bb6 105. Rd7 Bc5 106. Rf7 Bb6 107. Ke2 Bc5 108. Rb7 Bd4 109. Rb4 Kf5 110. Rxd4 Ke5 111. Rd3 Kf4 112. Rxe3 1-0

[Event "Early-Titled-Tuesday-Blitz-April-16-2024"]
[Site "Chess.com"]
[Date "2024.04.16"]
[Round "10"]
[White "Daaksboy"]
[Black "vovachesss"]
[Result "1/2-1/2"]
[WhiteElo "2420"]
[BlackElo "2758"]
[TimeControl "180+1"]
[EndTime "9:53:19 PDT"]
[Termination "Game drawn by repetition"]

1. d4 d5 2. c4 c6 3. Nc3 Nf6 4.
cxd5 cxd5 5. Bf4 Nc6 6. e3 a6 7. Be2 Bf5 8. Nf3 e6 9. Qb3 Nh5 10. Be5 Na5 11. Qa4+ Nc6 12. Qb3 Na5 13. Qa4+ Nc6 14.
Qb3 1/2-1/2

[Event "Early-Titled-Tuesday-Blitz-April-16-2024"]
[Site "Chess.com"]
[Date "2024.04.16"]
[Round "10"]
[White "NastyaHn"]
[Black "jinxy2009"]
[Result "0-1"]
[WhiteElo "2459"]
[BlackElo "2357"]
[TimeControl "180+1"]
[EndTime "9:53:28 PDT"]
[Termination "jinxy2009 won by resignation"]

1. Nc3 Nf6 2. e4 e5 3. Nf3 Nc6 4. d4 exd4 5. Nxd4 Bb4 6. Nxc6 bxc6 7. Bd3 d5 8. Bd2 Bxc3 9. Bxc3 dxe4 10. Bxf6 Qxf6 11. Bxe4 Ba6 12. Bxc6+ Qxc6 0-1

[Event "Early-Titled-Tuesday-Blitz-April-16-2024"]
[Site "Chess.com"]
[Date "2024.04.16"]
[Round "10"]
[White "DenLaz"]
[Black "h4parah5"]
[Result "0-1"]
[WhiteElo "3106"]
[BlackElo "3024"]
[TimeControl "180+1"]
[EndTime "9:55:01 PDT"]
[Termination "h4parah5 won by resignation"]

1. d4 Nf6 2. c4 e6 3. Nf3 d5 4. g3 Bb4+ 5. Bd2 Be7 6. Bg2 Nbd7 7. O-O c6 8. Qc2 b6 9. b3 a5 10. Bc3 O-O 11. Nbd2 Bb7 12. e4 dxe4 13. Nxe4 c5 14.
Nxf6+ Bxf6 15. Ng5 Bxg5 16. Bxb7 Ra7 17. Be4 cxd4 18. Bxd4 Nf6 19. Bg2 Qxd4 0-1

[Event "Early-Titled-Tuesday-Blitz-April-16-2024"]
[Site "Chess.com"]
[Date "2024.04.16"]
[Round "10"]
[White "Oleksandr_Bortnyk"]
[Black "KuzubovYuriy"]
[Result "1-0"]
[WhiteElo "3050"]
[BlackElo "2920"]
[TimeControl "180+1"]
[EndTime "9:55:02 PDT"]
[Termination "Oleksandr_Bortnyk won by resignation"]

1. d4 e6 2. e4 d5 3. e5 c5 4. Nf3 Nc6 5. Bd3 Qb6 6. O-O cxd4 7. Nbd2 Nge7 8. Nb3 Ng6 9. Re1 Be7 10. Nbxd4 O-O 11.
c3 Bd7 12. h4 h6 13. h5 Nh4 14. Nxh4 Bxh4 15. Qg4 Bg5 16. Bxg5 hxg5 17. Qxg5 f6 18. Qg6 f5 19. h6 Rf7 20. h7+ Kh8 21. Qxf7 1-0

[Event "Early-Titled-Tuesday-Blitz-April-16-2024"]
[Site "Chess.com"]
[Date "2024.04.16"]
[Round "10"]
[White "LastHeroJr"]
[Black "Chessbard1972"]
[Result "0-1"]
[WhiteElo "2467"]
[BlackElo "2375"]
[TimeControl "180+1"]
[EndTime "9:55:05 PDT"]
[Termination "Chessbard1972 won by resignation"]

1. e4 c5 2. Nc3 a6 3. g3 b5 4. Bg2 Bb7 5. d3 e6 6. f4 Nc6 7. Nf3 b4 8. Ne2 d5 9. e5 Nh6 10. O-O Nf5 11. h3 h5 12. Bd2 Qb6 13. Be1 Ne3 14. Qd2 Nxf1 15. Bxf1 Be7 16. Bf2 Qc7 17.
Bg2 a5 18. c3 Ba6 19. Rc1 Qd7 20. cxb4 cxb4 21. Ned4 Nxd4 22. Nxd4 O-O 23. Qe2 g6 24. g4 hxg4 25. hxg4 Rac8 26. Rd1 Bc5 27. Bf3 Qa7 28.
Qe3 Bxd4 29. Qxd4 Qxd4 30. Bxd4 Rc2 31. f5 Rfc8 32. fxe6 fxe6 33. g5 Rc1 34. Rxc1 Rxc1+ 35. Kf2 Bxd3 0-1

[Event "Early-Titled-Tuesday-Blitz-April-16-2024"]
[Site "Chess.com"]
[Date "2024.04.16"]
[Round "10"]
[White "Aminazinas"]
[Black "LileKoridze"]
[Result "1-0"]
[WhiteElo "2526"]
[BlackElo "2372"]
[TimeControl "180+1"]
[EndTime "9:55:12 PDT"]
[Termination "Aminazinas won by resignation"]

1. e4 c5 2. Nc3 d6 3. f4 a6 4. a4 Nc6 5. Nf3 e5 6. f5 Nf6 7.
Bc4 Be7 8. d3 O-O 9. O-O Nd4 10.
Nxd4 cxd4 11. Nd5 Nxd5 12. Bxd5 Bg5 13. Qh5 Bxc1 14. Raxc1 Qf6 15. Rf3 h6 16. h4 Kh8 17.
g4 Qd8 18. g5 Kh7 19. Bxf7 Qe7 20. g6+ Kh8 21. f6 Qd8 22. Rcf1 Bd7 23. Bd5 Be8 24.
fxg7+ 1-0

[Event "Early-Titled-Tuesday-Blitz-April-16-2024"]
[Site "Chess.com"]
[Date "2024.04.16"]
[Round "10"]
[White "HamedWafa4"]
[Black "Vahe_Danielyan"]
[Result "0-1"]
[WhiteElo "2775"]
[BlackElo "2625"]
[TimeControl "180+1"]
[EndTime "9:55:23 PDT"]
[Termination "Vahe_Danielyan won by resignation"]

1. d4 d5 2. Nf3 Nf6 3. c3 Bf5 4. Qb3 Qc8 5. c4 e6 6. cxd5 exd5 7. Nc3 c6 8. Bf4 Nbd7 9. Rc1 Be7 10. e3 O-O 11.
Be2 Nh5 12. Nxd5 Bd8 13. Bd6 Be6 14. Bxf8 Nxf8 15. e4 Nf4 16. Qe3 Nxg2+ 17. Kd2 Nxe3 18. Nxe3 Ng6 19. d5 Ba5+ 20. Kc2 cxd5+ 21. Kb1 Qe8 22.
exd5 Bf5+ 23. Ka1 Be4 24. Rhd1 Nf4 0-1

[Event "Early-Titled-Tuesday-Blitz-April-16-2024"]
[Site "Chess.com"]
[Date "2024.04.16"]
[Round "10"]
[White "GHANDEEVAM2003"]
[Black "the_chess_child"]
[Result "0-1"]
[WhiteElo "2995"]
[BlackElo "2842"]
[TimeControl "180+1"]
[EndTime "9:55:35 PDT"]
[Termination "the_chess_child won by resignation"]

1. a4 e5 2. a5 Nf6 3. h4 d5 4. h5 Nc6 5. h6 gxh6 6. d3 h5 7. Bg5 Rg8 8. Bh4 Be7 9. e3 Bg4 10. Ne2 Qd7 11. Nd2 O-O-O 12. a6 b6 13. f3 Be6 14. c3 e4 15. d4 exf3 16. gxf3 Rde8 17. Nf4 Bf5 18. Kf2 Qd8 19. Bb5 Ng4+ 20. fxg4 Bxh4+ 21. Kf1 Bxg4 22. Qa4 Rxe3 23. Bxc6 Be2+ 0-1

[Event "Early-Titled-Tuesday-Blitz-April-16-2024"]
[Site "Chess.com"]
[Date "2024.04.16"]
[Round "10"]
[White "Denisenko_Denis"]
[Black "HanSchut"]
[Result "0-1"]
[WhiteElo "2426"]
[BlackElo "2326"]
[TimeControl "180+1"]
[EndTime "9:55:48 PDT"]
[Termination "HanSchut won by resignation"]

1. d4 Nf6 2. Bf4 d5 3. e3 e6 4. Nf3 Bd6 5. Bg3 b6 6. c3 Bb7 7. Nbd2 Ne4 8. Nxe4 dxe4 9. Nd2 O-O 10. Be2 Nd7 11.
O-O Bxg3 12. fxg3 f5 13. g4 Kh8 14. gxf5 exf5 15. Qe1 g6 16. Qg3 Nf6 17. Nc4 Ba6 18. Rae1 Bxc4 19. Bxc4 Qe7 20. Bb3 Rad8 21. Rd1 Nh5 22.
Qf2 f4 23. exf4 e3 24. Qe2 Nxf4 25. Rxf4 Rxf4 26. Re1 Rdf8 27. g3 Rf2 28. Qxe3 Rf1+ 29. Kg2 Rxe1 0-1

[Event "Early-Titled-Tuesday-Blitz-April-16-2024"]
[Site "Chess.com"]
[Date "2024.04.16"]
[Round "10"]
[White "Slovineanu"]
[Black "InitiatingASC"]
[Result "1-0"]
[WhiteElo "2505"]
[BlackElo "2368"]
[TimeControl "180+1"]
[EndTime "9:55:51 PDT"]
[Termination "Slovineanu won by resignation"]

1. d4 d5 2. Nf3 e6 3. c4 c5 4. e3 Nc6 5. cxd5 exd5 6. Bb5 Nf6 7. O-O Bd6 8. dxc5 Bxc5 9. Bxc6+ bxc6 10. Qc2 Qb6 11. b3 O-O 12. Bb2 Be7 13. Nbd2 Ba6 14.
Rfd1 Rac8 15. Rac1 c5 16. Ng5 g6 17. Ndf3 h6 18.
Nh3 Rfd8 19. Nf4 Kh7 20. Ne5 Kg7 21. Nfxg6 fxg6 22. Qxg6+ 1-0

[Event "Early-Titled-Tuesday-Blitz-April-16-2024"]
[Site "Chess.com"]
[Date "2024.04.16"]
[Round "10"]
[White "FairChess_on_YouTube"]
[Black "AnishOnYoutube"]
[Result "1/2-1/2"]
[WhiteElo "3104"]
[BlackElo "3064"]
[TimeControl "180+1"]
[EndTime "9:55:52 PDT"]
[Termination "Game drawn by repetition"]

1. c4 Nf6 2. Nf3 e6 3. b3 d5 4.
Bb2 c5 5. g3 Nc6 6. cxd5 exd5 7. Bg2 h5 8. h4 Be7 9. O-O O-O 10. d4 cxd4 11. Nxd4 Bg4 12. Nc3 Re8 13. Rc1 Bc5 14.
Nxc6 bxc6 15. Bf3 Bh3 16. Bg2 Bg4 17. Bf3 Bh3 18. Bg2 Bg4 1/2-1/2

[Event "Early-Titled-Tuesday-Blitz-April-16-2024"]
[Site "Chess.com"]
[Date "2024.04.16"]
[Round "10"]
[White "RantomOpening"]
[Black "WiktoriaPOL"]
[Result "0-1"]
[WhiteElo "2506"]
[BlackElo "2401"]
[TimeControl "180+1"]
[EndTime "9:55:59 PDT"]
[Termination "WiktoriaPOL won by resignation"]

1. d4 Nf6 2. c4 g6 3. Nd2 Bg7 4. e4 d6 5. f3 O-O 6. Nb3 e5 7.
Be3 Nc6 8. d5 Ne7 9. Ne2 Ne8 10.
Qd2 f5 11. Bh6 fxe4 12. fxe4 Nf6 13. Bxg7 Kxg7 14. Nc3 Ng4 15. Nd1 Ng8 16. h3 Qh4+ 17. Ke2 Nf2 18. Qe3 Nxh1 19. Kd2 Rxf1 20. Kc3 Qe1+ 21. Qxe1 Rxe1 22. Nd2 Nf6 0-1

[Event "Early-Titled-Tuesday-Blitz-April-16-2024"]
[Site "Chess.com"]
[Date "2024.04.16"]
[Round "10"]
[White "nihalsarin"]
[Black "Iball95"]
[Result "1-0"]
[WhiteElo "3157"]
[BlackElo "2891"]
[TimeControl "180+1"]
[EndTime "9:56:00 PDT"]
[Termination "nihalsarin won by resignation"]

1. d4 d5 2. c4 e6 3. Nf3 Nf6 4. Nc3 c5 5. cxd5 cxd4 6. Qxd4 Nxd5 7. e4 Nxc3 8. Qxc3 Nc6 9. Bb5 Qb6 10. Bxc6+ Qxc6 11. Qxc6+ bxc6 12. Be3 c5 13. O-O-O Bb7 14. Nd2 O-O-O 15.
f3 Rd3 16. Nc4 Rxd1+ 17. Rxd1 Kc7 18. Bf4+ Kc8 19. Ne5 Be7 20. Nxf7 Rf8 21. Nd6+ Kc7 22. Nf5+ Kb6 23. Nxe7 Rxf4 24. Rd6+ Kc7 25. Rxe6 Kd7 26. Nd5 Bxd5 27. exd5 Rc4+ 28. Kb1 Rd4 29. Ra6 Rxd5 30. Rxa7+ Kc6 31. Rxg7 Rg5 32. Rxg5 1-0

[Event "Early-Titled-Tuesday-Blitz-April-16-2024"]
[Site "Chess.com"]
[Date "2024.04.16"]
[Round "10"]
[White "XDPS"]
[Black "Lion-Al-Messi"]
[Result "1-0"]
[WhiteElo "2832"]
[BlackElo "2575"]
[TimeControl "180+1"]
[EndTime "9:56:04 PDT"]
[Termination "XDPS won by resignation"]

1. e4 e6 2. d4 d5 3. exd5 exd5 4. Bd3 Nc6 5. Nf3 Bg4 6. c3 Bd6 7. O-O Nge7 8. Re1 Qd7 9. Nbd2 O-O-O 10. b4 Rdg8 11. Qa4 Kb8 12. b5 Nd8 13. Ba3 g5 14. Ne5 Bxe5 15. Rxe5 Ne6 16. Nb3 Ng6 17. Re3 Ngf4 18.
Bf1 h5 19. Nc5 Nxc5 20. dxc5 Qc8 21. b6 a6 22. c6 d4 23. Re7 Nd5 24. bxc7+ Ka7 25.
Qxd4+ Nb6 26. Bc5 1-0

[Event "Early-Titled-Tuesday-Blitz-April-16-2024"]
[Site "Chess.com"]
[Date "2024.04.16"]
[Round "10"]
[White "Agibileg"]
[Black "sathvikadiga"]
[Result "0-1"]
[WhiteElo "2769"]
[BlackElo "2615"]
[TimeControl "180+1"]
[EndTime "9:56:08 PDT"]
[Termination "sathvikadiga won by resignation"]

1. d4 Nf6 2. c4 g6 3. Nc3 Bg7 4.
e4 d6 5. Be2 O-O 6. Nf3 e5 7.
O-O exd4 8. Nxd4 Re8 9. f3 c6 10. Kh1 d5 11. cxd5 cxd5 12. Bg5 Nc6 13. Bb5 h6 14.
Nxc6 bxc6 15. Bxc6 hxg5 16. Bxa8 d4 17. Ne2 Ba6 18. Bc6 Re6 19. Ba4 Nh5 20. g3 g4 21.
fxg4 Nf6 22. Qxd4 Qa8 23. Nc3 Nxe4 24. Qd5 Bb7 25. Bb3 Nxc3 0-1

[Event "Early-Titled-Tuesday-Blitz-April-16-2024"]
[Site "Chess.com"]
[Date "2024.04.16"]
[Round "10"]
[White "Abund"]
[Black "JonasEilenberg"]
[Result "1-0"]
[WhiteElo "2818"]
[BlackElo "2636"]
[TimeControl "180+1"]
[EndTime "9:56:28 PDT"]
[Termination "Abund won by resignation"]

1. e4 c5 2. Nf3 Nc6 3. Bb5 e6 4. O-O Nge7 5. Re1 Nd4 6. Bf1 Nxf3+ 7. Qxf3 Nc6 8. d3 Be7 9. g3 O-O 10. Bg2 d6 11. Nd2 Rb8 12. a4 a6 13. Qe2 b5 14. axb5 axb5 15. c3 Bb7 16. Nf3 b4 17.
Be3 Ra8 18. d4 bxc3 19. bxc3 cxd4 20. cxd4 Bf6 21. Rab1 Ba6 22. Qc2 Qd7 23. e5 Be7 24. Ng5 Bxg5 25. Bxc6 Qc7 26. Bxg5 Rfc8 27. Rec1 1-0

[Event "Early-Titled-Tuesday-Blitz-April-16-2024"]
[Site "Chess.com"]
[Date "2024.04.16"]
[Round "10"]
[White "FuenfgegenWilly"]
[Black "LegenDaDaDa"]
[Result "0-1"]
[WhiteElo "2440"]
[BlackElo "2322"]
[TimeControl "180+1"]
[EndTime "9:56:30 PDT"]
[Termination "LegenDaDaDa won by resignation"]

1. d4 d5 2. c4 e6 3. Nc3 Nf6 4. cxd5 exd5 5. Bg5 c6 6. e3 Be7 7. Bd3 O-O 8. h3 Nbd7 9. Qc2 Re8 10. Bf4 Nf8 11.
Nf3 Ng6 12. Bh2 Bf8 13. Ne5 Nxe5 14. Bxe5 Be6 15. Bxf6 Qxf6 16. Bxh7+ Kh8 17. Bd3 c5 18. dxc5 Bxc5 19. O-O-O Rac8 20. Kb1 Bb4 21. Bb5 Bxc3 22. bxc3 Rxc3 23. Qb2 Bf5+ 24. Ka1 Rec8 25. Ba4 a6 26. Rd4 b5 27. Bb3 a5 28. Bxd5 Rc2 29. Qxb5 Rc1+ 30.
Rxc1 Rxc1+ 31. Kb2 Rb1+ 0-1

[Event "Early-Titled-Tuesday-Blitz-April-16-2024"]
[Site "Chess.com"]
[Date "2024.04.16"]
[Round "10"]
[White "Salem-AR"]
[Black "Timerkhanov"]
[Result "1-0"]
[WhiteElo "3042"]
[BlackElo "2681"]
[TimeControl "180+1"]
[EndTime "9:56:31 PDT"]
[Termination "Salem-AR won by resignation"]

1. d4 d5 2. Nf3 Nf6 3. e3 c6 4. Bd3 Bg4 5. Nbd2 e6 6. c4 Nbd7 7. Qc2 Be7 8. b3 Bh5 9. Bb2 Bg6 10. Bxg6 hxg6 11. O-O Bd6 12. h3 Qe7 13. e4 dxe4 14. Nxe4 Nxe4 15. Qxe4 a5 16. Rad1 O-O 17. Rfe1 Nf6 18. Qh4 Nh5 19. Qxe7 Bxe7 20. d5 cxd5 21. cxd5 Nf4 22. dxe6 Nxe6 23. Rd7 Bb4 24. Rxe6 fxe6 25. Rxg7+ Kh8 26. Rxb7+ Kg8 27. Rg7+ Kh8 28. Nh4 e5 29. Bxe5 1-0

[Event "Early-Titled-Tuesday-Blitz-April-16-2024"]
[Site "Chess.com"]
[Date "2024.04.16"]
[Round "10"]
[White "Statham_01"]
[Black "Donskov_AN"]
[Result "1-0"]
[WhiteElo "2607"]
[BlackElo "2398"]
[TimeControl "180+1"]
[EndTime "9:56:35 PDT"]
[Termination "Statham_01 won by resignation"]

1. Na3 d5 2. d4 Nf6 3. c4 e6 4. Nf3 Be7 5. Bg5 O-O 6. Nc2 c6 7. e3 Nbd7 8. Bd3 h6 9. Bxf6 Nxf6 10. c5 b6 11. b4 a5 12. a3 b5 13. Ne5 Bd7 14. Qf3 Qc7 15. h4 Ra6 16. g4 axb4 17. Nxb4 Ra4 18. g5 Ne4 19. gxh6 g6 20. h7+ Kg7 21.
h5 g5 22. h6+ Kh8 23. Nxf7+ Rxf7 24. Qxf7 1-0

[Event "Early-Titled-Tuesday-Blitz-April-16-2024"]
[Site "Chess.com"]
[Date "2024.04.16"]
[Round "10"]
[White "vangulio"]
[Black "Matibar"]
[Result "0-1"]
[WhiteElo "2575"]
[BlackElo "2808"]
[TimeControl "180+1"]
[EndTime "9:56:40 PDT"]
[Termination "Matibar won by resignation"]

1. e4 c5 2. Nf3 Nc6 3. d4 cxd4 4.
Nxd4 Nf6 5. Nc3 d6 6. Bg5 Qb6 7. Nb3 e6 8. Qd2 Be7 9. O-O-O O-O 10. Kb1 Rd8 11. Bd3 Bd7 12. f4 Be8 13. Rde1 h6 14.
h4 d5 15. e5 Ne4 16. Bxe4 dxe4 17. Qe2 e3 18. Bxe7 Nxe7 19. g4 Nd5 20. Nxd5 Rxd5 21. Qxe3 Rd1+ 0-1

[Event "Early-Titled-Tuesday-Blitz-April-16-2024"]
[Site "Chess.com"]
[Date "2024.04.16"]
[Round "10"]
[White "MdSharifHossain"]
[Black "MaiqMaster"]
[Result "1-0"]
[WhiteElo "2307"]
[BlackElo "2416"]
[TimeControl "180+1"]
[EndTime "9:56:43 PDT"]
[Termination "MdSharifHossain won by resignation"]

1. e4 c5 2. Nf3 e6 3. d4 cxd4 4. Nxd4 Nc6 5. Nc3 Qc7 6. Be3 a6 7. Nxc6 bxc6 8. f4 Nf6 9. Be2 d5 10. Bf3 Bb4 11. e5 Nd7 12. a3 Bxc3+ 13. bxc3 a5 14.
O-O Ba6 15. Rf2 Nb6 16. Bc5 Nc4 17. Qd4 Rb8 18. Be2 Rb2 19. Bd3 g6 20. g4 h5 21. f5 gxf5 22. gxf5 Rg8+ 23. Kh1 Qb7 24. Raf1 Rb1 25. fxe6 Rxf1+ 26. Rxf1 fxe6 27. Qh4 Nxe5 28. Qxh5+ Nf7 29. Bxa6 Qd7 30. Bc8 Qc7 31. Bxe6 1-0

[Event "Early-Titled-Tuesday-Blitz-April-16-2024"]
[Site "Chess.com"]
[Date "2024.04.16"]
[Round "10"]
[White "Aradhya2000"]
[Black "Zohid6"]
[Result "1-0"]
[WhiteElo "2809"]
[BlackElo "2938"]
[TimeControl "180+1"]
[EndTime "9:56:44 PDT"]
[Termination "Aradhya2000 won by resignation"]

1. d4 d5 2. c4 e6 3. Nf3 Nf6 4. Nc3 c6 5. e3 Nbd7 6. Qc2 Bd6 7. Bd3 O-O 8. O-O dxc4 9. Bxc4 b5 10. Be2 Bb7 11. e4 e5 12. dxe5 Nxe5 13. Nd4 b4 14. Nf5 bxc3 15. Rd1 Qb6 16. Rxd6 Nfg4 17. Bxg4 Nxg4 18.
h3 Ne5 19. Qxc3 Rfe8 20. Be3 Qc7 21. f4 f6 22. fxe5 fxe5 23. Rad1 Bc8 24. Qxc6 Qf7 25.
Qxa8 1-0

[Event "Early-Titled-Tuesday-Blitz-April-16-2024"]
[Site "Chess.com"]
[Date "2024.04.16"]
[Round "10"]
[White "djano"]
[Black "Levanzovsky"]
[Result "1-0"]
[WhiteElo "2603"]
[BlackElo "2505"]
[TimeControl "180+1"]
[EndTime "9:56:51 PDT"]
[Termination "djano won by resignation"]

1. e4 e5 2. Nf3 Nc6 3. d4 exd4 4.
Bc4 Nf6 5. O-O Nxe4 6. Nc3 dxc3 7. Bxf7+ Kxf7 8. Qd5+ Ke8 9. Rd1 Nf6 10. Re1+ Be7 11. Qb3 d5 12. bxc3 Ne4 13. c4 Nc5 14. Qb5 Kf8 15. cxd5 Qxd5 16. Ba3 a6 17. Qe2 Bg4 18. Rad1 Bxf3 19. gxf3 Qg5+ 20. Kh1 Re8 21. c4 Qg6 22. Rd5 Bd6 23. Rf5+ 1-0

[Event "Early-Titled-Tuesday-Blitz-April-16-2024"]
[Site "Chess.com"]
[Date "2024.04.16"]
[Round "10"]
[White "Zavgorodniy_Sergiy"]
[Black "Viktoker"]
[Result "0-1"]
[WhiteElo "2612"]
[BlackElo "2494"]
[TimeControl "180+1"]
[EndTime "9:56:53 PDT"]
[Termination "Viktoker won by resignation"]

1. d4 f5 2. c4 e6 3. Nf3 Nf6 4. g3 Be7 5. Bg2 Ne4 6. O-O d5 7. b3 Nc6 8. Ba3 Bxa3 9. Nxa3 Qe7 10. Nc2 h5 11. Nce1 g5 12. Nd3 h4 13. Nfe5 hxg3 14. hxg3 Qh7 15. Re1 Nxd4 16. cxd5 exd5 17. Nb4 c5 18. Nxd5 Be6 19. Ne3 O-O-O 20. Qc1 Qh2+ 21. Kf1 Nxb3 22. Nf3 Nbd2+ 23. Qxd2 Nxd2+ 24. Nxd2 Rxd2 25. Rac1 b6 0-1

[Event "Early-Titled-Tuesday-Blitz-April-16-2024"]
[Site "Chess.com"]
[Date "2024.04.16"]
[Round "10"]
[White "maurovargas01"]
[Black "dianamirza"]
[Result "1-0"]
[WhiteElo "1903"]
[BlackElo "1935"]
[TimeControl "180+1"]
[EndTime "9:56:55 PDT"]
[Termination "maurovargas01 won by resignation"]

1. e4 b6 2. Nc3 Bb7 3. d3 g6 4. f4 Bg7 5. Nf3 d6 6. g3 e5 7. Bg2 Ne7 8. O-O O-O 9. Qe1 Nd7 10. h3 f5 11. g4 fxe4 12. dxe4 exf4 13. Ng5 Nc6 14. Ne6 Qf6 15. Nxf8 Rxf8 16. Rxf4 Qe5 17. Rxf8+ Nxf8 18. Be3 Nd4 19. Qf2 Nfe6 20. Rd1 c5 21. a4 Ng5 22. Nb5 Nxb5 23. axb5 Nxe4 24. Qf4 Qxf4 25. Bxf4 d5 26. c3 Kf7 27. Bxe4 dxe4 28.
Rd7+ 1-0

[Event "Early-Titled-Tuesday-Blitz-April-16-2024"]
[Site "Chess.com"]
[Date "2024.04.16"]
[Round "10"]
[White "ViktoriyaTarasova"]
[Black "lefonghua"]
[Result "0-1"]
[WhiteElo "2374"]
[BlackElo "2589"]
[TimeControl "180+1"]
[EndTime "9:56:57 PDT"]
[Termination "lefonghua won by resignation"]

1. d4 Nf6 2. c4 c5 3. d5 e6 4. Nc3 exd5 5. cxd5 d6 6. Nf3 g6 7. Bf4 a6 8. a4 Bg7 9. h3 O-O 10. e3 Ne8 11. Be2 Qe7 12. O-O Nd7 13. Nd2 Rb8 14. Re1 Nc7 15. a5 Ne5 16. Qc2 b5 17. axb6 Rxb6 18.
Bf1 Rb4 19. Bh2 f5 20. f4 Nf7 21. Nc4 Bd7 22. e4 fxe4 23. Nxe4 Bf5 24. Bd3 Bxe4 25.
Rxe4 Qf6 26. Rae1 Nxd5 27. Re6 Qd4+ 28. Kh1 Rbb8 29. R1e4 Nb4 30. Rxd4 Nxc2 31. Rd5 Nb4 32.
Rdxd6 Nxd6 33. Rxd6 Nxd3 34. Rxd3 Rfd8 35. Rxd8+ Rxd8 36. Bg3 Rd4 37. b3 Rd3 0-1

[Event "Early-Titled-Tuesday-Blitz-April-16-2024"]
[Site "Chess.com"]
[Date "2024.04.16"]
[Round "10"]
[White "Smoking_Crow"]
[Black "VerdeNotte"]
[Result "0-1"]
[WhiteElo "2680"]
[BlackElo "2884"]
[TimeControl "180+1"]
[EndTime "9:57:01 PDT"]
[Termination "VerdeNotte won by checkmate"]

1. e4 c6 2. d4 g6 3. Nc3 Bg7 4. f4 d5 5. e5 h5 6. Nf3 Bg4 7. h3 Bxf3 8. Qxf3 e6 9. Bd3 h4 10. Be3 Nh6 11. O-O Bf8 12. Ne2 Nd7 13. b3 Nf5 14.
Bf2 a5 15. c4 a4 16. c5 axb3 17. axb3 Be7 18. b4 Kf8 19. b5 Kg7 20. Bxf5 gxf5 21. b6 Qb8 22. Ra3 Rxa3 23. Qxa3 Nxb6 24. Qb3 Nc4 25.
Ra1 b6 26. cxb6 Qxb6 27. Qxb6 Nxb6 28. Rc1 Nc4 29. Kh1 Ra8 30. Ng1 Ra2 31. Be1 Ne3 32.
Rxc6 Nxg2 33. Bc3 Nxf4 34. Rc7 Bg5 35. Nf3 Nxh3 36. Bb4 Rf2 37. Nxg5 Nxg5 38. Be7 Nf3 39. Rc1 Rh2# 0-1

[Event "Early-Titled-Tuesday-Blitz-April-16-2024"]
[Site "Chess.com"]
[Date "2024.04.16"]
[Round "10"]
[White "Dixit_Nikhil"]
[Black "Herzog2012"]
[Result "1-0"]
[WhiteElo "2624"]
[BlackElo "2529"]
[TimeControl "180+1"]
[EndTime "9:57:03 PDT"]
[Termination "Dixit_Nikhil won by checkmate"]

1. e3 Nf6 2. h3 e6 3. a3 Be7 4. b4 O-O 5. Bb2 d5 6. g4 c5 7. bxc5 Bxc5 8. Bd3 Nc6 9. g5 Ne4 10. h4 f6 11. gxf6 Nxf6 12. Nh3 e5 13. Ng5 h6 14. Nc3 e4 15. Ncxe4 Nxe4 16. Nxe4 dxe4 17.
Bc4+ Kh7 18. Qh5 Rf5 19. Rg1 g5 20. Rxg5 Ne5 21. Bxe5 Qe7 22. Bg8# 1-0

[Event "Early-Titled-Tuesday-Blitz-April-16-2024"]
[Site "Chess.com"]
[Date "2024.04.16"]
[Round "10"]
[White "LeninGuerra"]
[Black "NovoselovRoman"]
[Result "0-1"]
[WhiteElo "2756"]
[BlackElo "2618"]
[TimeControl "180+1"]
[EndTime "9:57:06 PDT"]
[Termination "NovoselovRoman won by resignation"]

1. e4 c5 2. Nf3 d6 3. b4 cxb4 4.
a3 bxa3 5. Bxa3 Nf6 6. Bd3 g6 7. O-O Bg7 8. c3 O-O 9. Bc2 b5 10. d4 Bb7 11. Nbd2 Nbd7 12. Qe2 a6 13. Rfb1 Qc7 14. c4 bxc4 15. Nxc4 Rac8 16. Bd3 d5 17. Na5 Qxa5 18. Rxb7 dxe4 19. Bxe4 Nxe4 20. Qxe4 Nc5 21.
dxc5 Bxa1 22. Bb4 Qa4 23. Qb1 Rfd8 24. Be1 Rd1 25. Qb4 Qxb4 26. Rxb4 Bc3 27. Re4 Rxc5 28. Kf1 Bxe1 29. Nxe1 e6 30. Ke2 Rd8 31. Ra4 a5 32.
Nd3 Rc2+ 33. Ke3 Rc3 0-1

[Event "Early-Titled-Tuesday-Blitz-April-16-2024"]
[Site "Chess.com"]
[Date "2024.04.16"]
[Round "10"]
[White "GeorgiosSouleidis"]
[Black "Alen_Yeremyann"]
[Result "0-1"]
[WhiteElo "2661"]
[BlackElo "2835"]
[TimeControl "180+1"]
[EndTime "9:57:13 PDT"]
[Termination "Alen_Yeremyann won by resignation"]

1. e4 c5 2. Be2 g6 3. d3 Bg7 4.
f4 d6 5. Nf3 e6 6. O-O Ne7 7. c3 O-O 8. Be3 Nbc6 9. d4 cxd4 10. cxd4 d5 11. e5 a6 12. Qd2 b5 13. Nc3 Bb7 14. Rac1 Rc8 15. b3 Qa5 16. g4 f6 17. exf6 Bxf6 18. Ne5 Nxe5 19. fxe5 Bg7 20. Rxf8+ Rxf8 21. Nxd5 Qd8 22. Nxe7+ Qxe7 23. Rf1 Rc8 24. Rc1 Rxc1+ 25. Qxc1 Qd7 26. Bf1 Qd5 27. h3 Bf8 28.
Qd2 Qh1+ 29. Kf2 a5 30. Qxa5 Qf3+ 31. Ke1 Qxe3+ 32. Be2 0-1